 Dungeon Crawl Stone Soup version 0.27.0-1-g7a089689b8 (webtiles) character file.

Game seed: 11895825875276358661

443 BOMJPIETVODKU the Digger (level 7, -1/50 HPs)
             Began as a Gnoll Earth Elementalist on Aug 4, 2021.
             Was an Initiate of Cheibriados.
             Slain by Pikel (3 damage)
             ... on level 4 of the Dungeon.
             The game lasted 00:10:51 (3504 turns).

BOMJPIETVODKU the Digger (Gnoll Earth Elementalist) Turns: 3504, Time: 00:10:51

Health: -1/50      AC:  3    Str:  8    XL:     7   Next: 2%
Magic:  23/24      EV: 14    Int: 18    God:    Cheibriados [......]
Gold:   161        SH:  0    Dex: 13    Spells: 11/17 levels left

rFire    . . .     SeeInvis .   w - +2 whip (venom)
rCold    . . .     Faith    .   (no shield)
rNeg     . . .     Spirit   .   b - +0 robe
rPois    .         Reflect  .   (no helmet)
rElec    .         Harm     .   (no cloak)
rCorr    +         Rampage  .   r - +0 pair of gloves
Will     .....                  (no boots)
Stlth    +++.......             (no amulet)
HPRegen  0.16/turn              d - ring of resist corrosion
MPRegen  0.19/turn              v - ring of magical power

@: very slightly contaminated, very slow
A: fangs 1, strong nose, distributed training
a: Renounce Religion, Bend Time


You were on level 4 of the Dungeon.
You worshipped Cheibriados.
Cheibriados was noncommittal.
You visited 1 branch of the dungeon, and saw 4 of its levels.

You collected 161 gold pieces.

Inventory:

Hand Weapons
 q - a +0 short sword
 w - a +2 whip of venom (weapon)
Missiles
 c - 34 stones
 e - 24 poisoned darts
 u - a throwing net
Armour
 b - a +0 robe (worn)
 r - a +0 pair of gloves (worn)
Jewellery
 d - a ring of resist corrosion (left hand)
 v - a ring of magical power (right hand)
Scrolls
 f - a scroll of blinking {unknown}
 h - a scroll of fear {unknown}
 l - a scroll of silence {unknown}
 m - a scroll of identify
 p - a scroll of enchant armour {unknown}
 s - 2 scrolls of teleportation {unknown}
Potions
 a - a potion of invisibility
 g - 2 potions of curing {unknown}
 i - a potion of might {unknown}
 j - a potion of heal wounds {unknown}
 k - a potion of brilliance {unknown}
 n - 2 potions of berserk rage {unknown}
 o - a potion of mutation {unknown}
 t - a potion of haste {unknown}
 x - a potion of flight {unknown}
 z - a potion of ambrosia {unknown}
 A - a potion of attraction {unknown}


   Skills:
 + Level 2.2 Fighting
 + Level 2.2 Short Blades
 + Level 2.2 Long Blades
 + Level 2.2 Axes
 + Level 2.2 Maces & Flails
 + Level 2.2 Polearms
 + Level 2.2 Staves
 + Level 2.2 Slings
 + Level 2.2 Bows
 + Level 2.2 Crossbows
 + Level 2.2 Throwing
 + Level 2.2 Armour
 + Level 5.1 Dodging
 + Level 4.7 Stealth
 + Level 2.2 Shields
 + Level 2.2 Unarmed Combat
 + Level 5.5 Spellcasting
 + Level 1.8 Conjurations
 + Level 1.8 Hexes
 + Level 1.8 Summonings
 + Level 1.8 Necromancy
 + Level 1.8 Translocations
 + Level 2.8 Transmutations
 + Level 1.8 Fire Magic
 + Level 1.8 Ice Magic
 + Level 1.8 Air Magic
 + Level 5.7 Earth Magic
 + Level 1.8 Poison Magic
 + Level 2.4 Invocations
 + Level 2.2 Evocations


You had 11 spell levels left.
You knew the following spells:

 Your Spells              Type           Power      Damage    Failure   Level
a - Sandblast             Erth           50%        2d12      1%          1
b - Passwall              Tmut/Erth      16%        N/A       3%          2
c - Stone Arrow           Conj/Erth      36%        3d9       9%          3

Your spell library contained the following spells:

 Spells                   Type           Power      Damage    Failure   Level
 Petrify                  Tmut/Erth      20%        N/A       22%         4
 Animate Armour           Summ/Erth      36%        N/A       26%         4
 Lehudib's Crystal Spear  Conj/Erth      9%         10d4      100%        8


Dungeon Overview and Level Annotations

Branches:
Dungeon (4/15)
 Temple: D:4-7

Altars:
Cheibriados
Nemelex Xobeh
Trog
Uskayaw
Wu Jian

Shops:
D:3 (

Annotations:
D:4 Pikel


Innate Abilities, Weirdness & Mutations

You have very sharp teeth.
Your uncanny sense of smell can sniff out nearby items.
Your experience applies equally to all skills.


Message History

4 lemures and Pikel come into view.
Pikel is wielding a +1 whip of electrocution and wearing a +2 robe of positive energy.
The blast of sand hits the lemure.
The lemure is lightly wounded.
The lemure shouts! x2; Pikel shouts!
The lemure shouts!
The blast of sand hits Pikel but does no damage.
The lemure shouts!
The blast of sand hits Pikel.
Pikel is lightly wounded.
The blast of sand hits Pikel.
Pikel is lightly wounded.
Pikel barely misses you.
The blast of sand hits Pikel but does no damage.
Pikel is lightly wounded.
Pikel hits you with a +1 whip of electrocution!
You are electrocuted!!
You are too injured to fight recklessly!
You are too injured to fight recklessly!
Pikel hits you with a +1 whip of electrocution!
* * * LOW HITPOINT WARNING * * *
There is an open door here.
Okay, then.
You fade into invisibility!
Pikel barely misses you.
You are very lightly contaminated with residual magic.
Pikel barely misses you.
You flicker for a moment.
You are too injured to fight recklessly!
You are too injured to fight recklessly!
Aiming: Sandblast (safe; 1% risk of failure)
Press: ? - help, Q - select action, (/) - cycle Shift-Dir - straight line, f/p - Pikel
Aim: Pikel, wielding a +1 whip of electrocution and wearing a +2 robe of positive energy (lightly wounded, 76% to hit)
The blast of sand hits Pikel!
Pikel is moderately wounded.
Pikel hits you with a +1 whip of electrocution!
* * * LOW HITPOINT WARNING * * *
Pikel misses you.
You flicker back into view.
Pikel hits you with a +1 whip of electrocution.
You die...

#...............♣
#...........#####
#.#.##.####...... #.#.##.#
#..#### #.#.##.# #..# #.
######.#.##.####..# ##
#......#..#.......#
#.##K.....#.####..###
#.##.@......# #....#
#...####.##........####......
#...##...##.....#..#.....###.
#...##.#.########.......##...
#...##.#.# #.>#.##.# ##.
#...##.### ##......# #.
#...##.# #.##...####.
#####...##.# ##.......##.
....'555'..# ###........


You could see Pikel.

Vanquished Creatures
  Sigmund (D:3)
  A black bear (D:4)
  Natasha (thrice) (D:2)
  3 gnolls (D:3)
  An adder (D:3)
  2 dart slugs
  9 ball pythons
  6 bats
  7 endoplasms
  13 giant cockroaches
  5 goblins
  3 hobgoblins (D:1)
  3 jackals (D:3)
  3 kobolds
  5 quokkas
  2 frilled lizards
  3 rats
70 creatures vanquished.

Notes
Turn   | Place    | Note
-------+----------+-------------------------------------------
     0 | D:1      | BOMJPIETVODKU the Gnoll Earth Elementalist began the quest
                  | for the Orb.
     0 | D:1      | Reached XP level 1. HP: 13/13 MP: 6/6
    86 | D:1      | Reached XP level 2. HP: 9/19 MP: 3/7
   443 | D:1      | Found a faded altar of an unknown god.
   912 | D:1      | Reached XP level 3. HP: 25/25 MP: 7/9
  1081 | D:1      | Reached skill level 5 in Spellcasting
  1538 | D:2      | Noticed Natasha
  1541 | D:2      | Killed Natasha
  1542 | D:2      | Reached skill level 1 in Fighting
  1542 | D:2      | Reached skill level 1 in Short Blades
  1542 | D:2      | Reached skill level 1 in Long Blades
  1542 | D:2      | Reached skill level 1 in Axes
  1542 | D:2      | Reached skill level 1 in Maces & Flails
  1542 | D:2      | Reached skill level 1 in Polearms
  1542 | D:2      | Reached skill level 1 in Staves
  1542 | D:2      | Reached skill level 1 in Slings
  1542 | D:2      | Reached skill level 1 in Bows
  1542 | D:2      | Reached skill level 1 in Crossbows
  1542 | D:2      | Reached skill level 1 in Throwing
  1542 | D:2      | Reached skill level 1 in Armour
  1542 | D:2      | Reached skill level 1 in Shields
  1542 | D:2      | Reached skill level 1 in Unarmed Combat
  1542 | D:2      | Reached skill level 1 in Invocations
  1542 | D:2      | Reached skill level 1 in Evocations
  1542 | D:2      | Reached XP level 4. HP: 32/32 MP: 7/11
  1590 | D:2      | Learned a level 2 spell: Passwall
  1675 | D:2      | Noticed Natasha
  1681 | D:2      | Killed Natasha
  1682 | D:2      | Reached skill level 1 in Conjurations
  1682 | D:2      | Reached skill level 1 in Hexes
  1682 | D:2      | Reached skill level 1 in Summonings
  1682 | D:2      | Reached skill level 1 in Necromancy
  1682 | D:2      | Reached skill level 1 in Translocations
  1682 | D:2      | Reached skill level 1 in Fire Magic
  1682 | D:2      | Reached skill level 1 in Ice Magic
  1682 | D:2      | Reached skill level 1 in Air Magic
  1682 | D:2      | Reached skill level 1 in Poison Magic
  1833 | D:2      | Noticed Natasha
  1842 | D:2      | Killed Natasha
  1843 | D:2      | Reached XP level 5. HP: 28/37 MP: 3/12
  2259 | D:3      | Noticed Sigmund
  2263 | D:3      | Killed Sigmund
  2264 | D:3      | Reached XP level 6. HP: 34/44 MP: 10/14
  2408 | D:3      | Found Nuby's Weapon Emporium.
  2463 | D:3      | Found a sparkling altar of Nemelex Xobeh.
  2525 | D:3      | Reached skill level 5 in Dodging
  3122 | D:3      | Found a snail-covered altar of Cheibriados.
  3122 | D:3      | Found a faded altar of an unknown god.
  3128 | D:3      | Found a hide-covered altar of Uskayaw.
  3130 | D:3      | Became a worshipper of Cheibriados the Contemplative
  3134 | D:3      | Found an ornate altar of the Wu Jian Council.
  3135 | D:3      | Found a bloodstained altar of Trog.
  3217 | D:4      | Learned a level 3 spell: Stone Arrow
  3331 | D:4      | Noticed a black bear
  3337 | D:4      | Killed a black bear
  3338 | D:4      | Reached XP level 7. HP: 50/50 MP: 15/15
  3480 | D:4      | Noticed Pikel
  3499 | D:4      | HP: 1/50 [Pikel (11)]
  3504 | D:4      | Slain by Pikel

Illustrated notes

Levels and vault maps discovered:
D:1:      shiori_angband_town, layout_loops_corners,
          hellmonk_ecumenical_altar_lost_god, minmay_cupped
D:2:      layout_basic, st_stairs_8, uniq_natasha
D:3:      minmay_roachtagon, layout_rooms,
          mainiacjoe_overflow_concentric_impassable,
          chequers_temple_overflow_minitemple, serial_shops, nicolae_shop_trees,
          minmay_fountain_box, uniq_sigmund
D:4:      layout_basic, serial_bayou_crossing, uniq_pikel

Skill      XL: |  1  2  3  4  5  6 |
---------------+-------------------+-----
Transmutations | 2 |  2.8
Spellcasting   | 5 |  5.5
Fighting       | 1 2 |  2.2
Short Blades   | 1 2 |  2.2
Long Blades    | 1 2 |  2.2
Axes           | 1 2 |  2.2
Maces & Flails | 1 2 |  2.2
Polearms       | 1 2 |  2.2
Staves         | 1 2 |  2.2
Slings         | 1 2 |  2.2
Bows           | 1 2 |  2.2
Crossbows      | 1 2 |  2.2
Throwing       | 1 2 |  2.2
Armour         | 1 2 |  2.2
Shields        | 1 2 |  2.2
Unarmed Combat | 1 2 |  2.2
Invocations    | 1 2 |  2.4
Evocations     | 1 2 |  2.2
Conjurations   | 1 |  1.8
Hexes          | 1 |  1.8
Summonings     | 1 |  1.8
Necromancy     | 1 |  1.8
Translocations | 1 |  1.8
Fire Magic     | 1 |  1.8
Ice Magic      | 1 |  1.8
Air Magic      | 1 |  1.8
Poison Magic   | 1 |  1.8
Dodging        | 5 |  5.1
Stealth        | |  4.7
Earth Magic    | |  5.7

Action                   |  1- 3 |  4- 6 |  7- 9 || total
-------------------------+-------+-------+-------++-------
Melee: Club              |    20 |       |       ||    20
       Bite              |     3 |       |       ||     3
       Dagger            |     1 |       |       ||     1
       Whip              |       |       |     1 ||     1
 Cast: Sandblast         |    33 |    68 |     9 ||   110
  Use: Scroll            |       |     1 |       ||     1
       Potion            |       |       |     1 ||     1
 Stab: Sleeping          |     1 |       |       ||     1
Armor: Robe              |     4 |     6 |     1 ||    11
Dodge: Dodged            |    24 |    18 |     4 ||    46
